 Dungeon Crawl Stone Soup version 0.31-a0-569-g7ea453304b (webtiles) character file.

Game seed: 9760908011853343848

39710 GordonOverkill the Frost Mage (level 14, -2/70 HPs)
             Began as a Vine Stalker Delver on Aug 18, 2023.
             Was a High Priest of Sif Muna.
             Killed by divine providence
             ... invoked by a daeva
              (5 damage)
             ... on level 2 of the Abyss.
             The game lasted 00:57:31 (18841 turns).

GordonOverkill the Frost Mage (VSDe)               Turns: 18841, Time: 00:57:31

Health: -2/70      AC:  8    Str: 20      XL:     14   Next: 7%
Magic:  0/32       EV: 12    Int: 16 (17) God:    Sif Muna [*****.]
Gold:   518        SH:  0    Dex: 15      Spells: 21/35 levels left

rFire   + . .        y - +5 dagger (venom)
rCold   + . .        (no shield)
rNeg    . . .        F - +1 robe {rC+}
rPois   +            M - +0 helmet
rElec   .            n - +0 cloak {rPois}
rCorr   .            (no gloves)
SInv    .            t - +2 pair of boots
Will    +....        e - amulet of magic regeneration
Stlth   ++           N - ring of the Hungering Gods {rF+ Slay+4}
HPRegen 1.11/turn    x - +6 ring of intelligence
MPRegen 0.63/turn

%: guardian spirit
@: channelling, glowing, studying Polearms
A: fangs 3, regeneration 1, magic shield, antimagic bite, no potion heal 2,
dopey 1, high MP 1, poison resistance, strong 1
a: Renounce Religion, Channel Magic, Forget Spell, Divine Exegesis


You were on level 2 of the Abyss.
You worshipped Sif Muna.
Sif Muna was extremely pleased with you.
You visited 3 branches of the dungeon, and saw 17 of its levels.
You visited the Abyss 1 time.
You also visited: Sewer, Ossuary, Bailey and Volcano.

You collected 998 gold pieces.
You spent 480 gold pieces at shops.

Inventory:

Hand Weapons
 y - a +5 dagger of venom (weapon)
Missiles
 m - 15 boomerangs (quivered)
 I - a throwing net
 J - 5 curare-tipped darts
Armour
 n - a +0 cloak of poison resistance (worn)
 t - a +2 pair of boots (worn)
 w - an orb of energy
 F - a +1 robe of cold resistance (worn)
 M - a +0 helmet (worn)
 Q - a scarf of repulsion
Magical Staves
 R - a staff of cold
Jewellery
 a - a ring of see invisible
 b - a ring of protection from cold
 e - an amulet of magic regeneration (around neck)
 v - a ring of magical power
 x - a +6 ring of intelligence (right hand)
 A - a ring of resist corrosion
 H - an amulet of regeneration
 L - a ring of magical power
 N - the ring of the Hungering Gods (left hand) {rF+ Slay+4}
   (You found it on level 2 of the Lair of Beasts)

   [ring of slaying]

   Slay+4:    It affects your accuracy & damage with ranged weapons and melee
   (+4).
   rF+:       It protects you from fire.
 O - a +4 ring of protection
Wands
 g - a wand of digging (8)
 h - a wand of flame (31)
 D - a wand of roots (6)
 G - a wand of polymorph (5)
Scrolls
 c - 6 scrolls of fog
 i - 5 scrolls of immolation
 j - 6 scrolls of identify
 o - a scroll of revelation
Potions
 k - 6 potions of curing
 q - 3 potions of mutation
 r - 2 potions of cancellation
 z - 5 potions of lignification
Miscellaneous
 l - a phial of floods


   Skills:
 - Level 6.0 Fighting
 - Level 4.0 Short Blades
 - Level 1.5 Dodging
 - Level 6.0 Stealth
 + Level 11.0 Spellcasting
 - Level 8.0 Conjurations
 - Level 8.0 Fire Magic
 + Level 14.3 Ice Magic
 + Level 6.9 Invocations
 - Level 5.0 Evocations


You had 21 spell levels left.
You knew the following spells:

 Your Spells              Type           Power      Damage    Failure   Level
a - Ozocubu's Armour      Ice            53%        N/A       1%          3
b - Sticky Flame          Conj/Fire      34%        2d5       3%          4
c - Ozocubu's Refrigerat  Ice            26%        4d13      19%         7

Your spell library contained the following spells:

 Spells                   Type           Power      Damage    Failure   Level
 Frozen Ramparts          Ice            100%       1d16      1%          3
 Flame Wave               Conj/Fire      34%        2d10      3%          4
 Inner Flame              Hex/Fire       21%        N/A       4%          3
 Apportation              Tloc           16%        N/A       9%          1
 Necrotise                Necr           32%        1d5       9%          1
 Summon Small Mammal      Summ           32%        N/A       9%          1
 Ignite Poison            Fire/Tmut/Pois 17%        N/A       9%          3
 Blink                    Tloc           16%        N/A       12%         2
 Metabolic Englaciation   Hex/Ice        15%        N/A       12%         5
 Vampiric Draining        Necr           8%         2d6       24%         3
 Manifold Assault         Tloc           8%         N/A       63%         4
 Petrify                  Tmut/Erth      8%         N/A       63%         4
 Agony                    Necr           8%         N/A       92%         5
 Yara's Violent Unravell  Hex/Tmut       4%         3d4       92%         5
 Enfeeble                 Hex            4%         N/A       100%        7
 Ignition                 Fire           17%        3d7       100%        8


Dungeon Overview and Level Annotations

Branches:
Dungeon (11/15)            Temple (1/1) D:6            Lair (5/5) D:9
 Shoals (0/4) Lair:3       Spider (0/4) Lair:2        Slime (0/5) Lair:4
  Sewer (visited)         Ossuary (visited)          Bailey (visited)
Volcano (visited)
    Orc: D:9-12

Altars:
Ashenzari
Cheibriados
Dithmenos
Elyvilon
Fedhas
Gozag
Hepliaklqana
Kikubaaqudgha
Makhleb
Nemelex Xobeh
Okawaru
Qazlal
Ru
Sif Muna
Trog
Uskayaw
Vehumet
Wu Jian
Xom
Yredelemnul
Zin
The Shining One
Jiyva

Shops:
D:5 *   D:7 =


Innate Abilities, Weirdness & Mutations

You have razor-sharp teeth.
Your natural rate of healing is unusually fast.
When hurt, damage is shared between your health and your magic reserves.
Your bite disrupts and absorbs the magic of your enemies.
Potions cannot restore your health.
You are dopey. (Int -2)
You have an increased reservoir of magic. (+10% MP)
Your system is resistant to poisons. (rPois)
Your muscles are strong. (Str +4, Int/Dex -1)


Message History

You hit the large abomination.
You bite the large abomination, but do no damage.
The large abomination is severely damaged.
Unknown command.
You hit the large abomination but do no damage.
You bite the large abomination. You drain its power.
You feel invigorated.
The large abomination is almost destroyed.
The large abomination barely misses you.
The daeva calls down the wrath of the Shining One upon you.
The Shining One smites you!
* * * LOW HITPOINT WARNING * * *
Unknown command.
As you read the scroll of fear, it crumbles to dust.
You assume a fearsome visage.
The large abomination is unaffected.
The daeva resists with some effort.
The large abomination hits you!
* * * LOW HITPOINT WARNING * * *
The daeva calls down the wrath of the Shining One upon you.
The Shining One smites you!
* * * LOW HITPOINT WARNING * * *
Casting: Ozocubu's Refrigeration (quite dangerous; 16% risk of failure)
Confirm with . or Enter, or press ? or * to list all spells.
The heat is drained from your surroundings.
You destroy the large abomination!
Sif Muna accepts your kill.
The daeva is lightly wounded.
You feel your dexterity returning.
Okay, then.
You feel extremely strange.
Your large bone plates disappear.
You feel more energetic.
You feel stupid.
You feel resistant to poisons.
You feel stronger.
The daeva hits you with a +5 scimitar of holy wrath!
* * * LOW HITPOINT WARNING * * *
The daeva hits you but does no damage.
Unknown command.
Unknown command.
Okay, then.
Your icy armour cracks and falls away as you move.
The daeva calls down the wrath of the Shining One upon you.
The Shining One smites you!
You die...

# . ### .
##@# # #
##.## # # #
# ####A#.#
..# .
......x### #
...X#.##.#..
. . .
###.##.#.#
.#.#...
####.. .. #
# .#
3#..#.#... #
# .### . .#
. ##A..


You could see a daeva and a worldbinder.

Vanquished Creatures
  Gastronok (Lair:2)
  A tentacled starspawn (Abyss:2)
  A deep elf sorcerer (Abyss:2)
  An ice dragon (Lair:5)
  A hydra (Lair:2)
  Erica (Lair:2)
  A boulder beetle (Lair:4)
  3 death yaks
  Sonja (D:11)
  3 skysharks
  6 large abominations (Abyss:2)
  An orc knight (Bailey)
  A deep elf pyromancer (Bailey)
  11 elephants
  A merfolk siren (Lair:3)
  2 black mambas
  Joseph (D:7)
  2 cane toads
  An efreet (Abyss:2)
  A rime drake (Lair:1)
  2 komodo dragons
  A troll (D:9)
  2 polar bears
  3 merfolk (Lair:3)
  13 dream sheep (Lair:3)
  A raiju (Abyss:2)
  Sigmund (D:6)
  A ynoxinul (Abyss:2)
  2 wyverns
  47 yaks
  6 basilisks
  A steam dragon (D:10)
  4 vampire mosquitoes (D:10)
  A redback (Lair:2)
  A neqoxec (Abyss:2)
  Menkaure (D:7)
  Duvessa (D:5)
  A sky beast (D:8)
  6 water moccasins
  6 ice beasts
  2 black bears
  8 orc warriors
  5 centaurs
  12 wolves
  3 ogres
  2 kobold brigands
  18 bullfrogs
  3 scorpions
  2 gnoll sergeants (D:9)
  17 wights
  Dowan (D:5)
  5 killer bees (D:9)
  8 howler monkeys
  A quasit (Abyss:2)
  5 hounds
  3 gnoll boudas
  5 jellies
  8 orc priests
  7 iguanas
  Natasha (thrice) (D:2)
  2 sleepcaps
  15 orc wizards
  4 mummies
  19 gnolls
  14 adders
  2 shadow imps
  4 white imps
  3 adder zombies (Ossuary)
  5 worms
  A dart slug (D:2)
  40 orcs
  13 ball pythons
  6 endoplasms
  14 giant cockroaches
  7 goblins
  8 hobgoblins
  10 quokkas
  10 bats
  5 frilled lizards
  A gnoll zombie (Ossuary)
  3 goblin zombies (Ossuary)
  3 hobgoblin zombies (Ossuary)
  17 kobolds
  5 kobold zombies (Ossuary)
  2 quokka zombies (Ossuary)
  3 rats
  A rat zombie (Ossuary)
  A lurking horror (Abyss:2)
478 creatures vanquished.

Vanquished Creatures (others)
  2 starspawn tentacles (Abyss:2)
2 creatures vanquished.

Grand Total: 480 creatures vanquished

Notes
Turn   | Place    | Note
-------+----------+-------------------------------------------
     0 | D:5      | GordonOverkill the Vine Stalker Delver began the quest for
                  | the Orb.
     0 | D:5      | Reached XP level 1. HP: 11/11 MP: 2/2
     7 | D:6      | Found a sand-covered staircase.
    13 | D:6      | Reached skill level 1 in Evocations
    13 | D:6      | Reached XP level 2. HP: 16/16 MP: 3/3
    15 | Ossuary  | Entered an ossuary
    27 | Ossuary  | Reached XP level 3. HP: 19/19 MP: 4/4
   136 | Ossuary  | Gained mutation: Your natural rate of healing is unusually
                  | fast. [Vine Stalker growth]
   136 | Ossuary  | Reached XP level 4. HP: 20/23 MP: 5/5
   319 | D:6      | Found a broken altar of Ashenzari.
   320 | D:6      | Found a bloodstained altar of Trog.
   492 | D:5      | Noticed an ogre
   501 | D:5      | Killed an ogre
   502 | D:5      | Reached XP level 5. HP: 29/29 MP: 6/6
   702 | D:4      | Reached XP level 6. HP: 27/33 MP: 4/7
   851 | D:4      | Found a shimmering altar of Xom.
   852 | D:4      | Found a glowing golden altar of the Shining One.
  1065 | D:3      | Found a glowing drain.
  1093 | Sewer    | Entered a sewer
  1388 | Sewer    | Reached skill level 5 in Fighting
  2421 | D:3      | Reached XP level 7. HP: 39/39 MP: 8/8
  2543 | D:2      | Noticed Natasha
  2553 | D:2      | Killed Natasha
  2554 | D:2      | Reached skill level 1 in Spellcasting
  2582 | D:2      | Noticed Natasha
  2589 | D:2      | Killed Natasha
  2642 | D:2      | Noticed Natasha
  2648 | D:2      | Killed Natasha
  3853 | D:2      | Learned a level 3 spell: Ozocubu's Armour
  4349 | D:3      | Reached skill level 1 in Ice Magic
  4592 | D:4      | Found a sacrificial altar of Ru.
  5023 | D:5      | Noticed Duvessa
  5023 | D:5      | Noticed Dowan
  5193 | D:5      | Gained mutation: You are partially covered in large bone
                  | plates. (SH +4) [potion of mutation]
  5260 | D:6      | Noticed Sigmund
  5295 | D:6      | Reached skill level 2 in Ice Magic
  5434 | D:6      | Learned a level 4 spell: Sticky Flame
  5752 | D:6      | Gained mutation: You have razor-sharp teeth. [Vine Stalker
                  | growth]
  5752 | D:6      | Reached XP level 8. HP: 44/44 MP: 13/13
  5756 | D:6      | Reached skill level 1 in Conjurations
  5756 | D:6      | Reached skill level 1 in Fire Magic
  5826 | D:6      | Found a staircase to the Ecumenical Temple.
  5931 | Temple   | Entered the Ecumenical Temple
  5949 | Temple   | Became a worshipper of Sif Muna the Loreminder
  5966 | D:6      | Killed Sigmund
  6649 | D:5      | Found a blossoming altar of Fedhas.
  6715 | D:5      | Found Oskem's General Store.
  6793 | D:5      | Reached XP level 9. HP: 48/48 MP: 14/14
  6911 | D:5      | Reached skill level 5 in Conjurations
  6915 | D:5      | Reached skill level 5 in Fire Magic
  6963 | D:5      | Reached * piety under Sif Muna
  7282 | D:5      | Killed Duvessa
  7291 | D:5      | Killed Dowan
  7779 | D:7      | Noticed Joseph
  7790 | D:7      | Killed Joseph
  8082 | D:7      | Found a burning altar of Makhleb.
  8084 | D:7      | Noticed Menkaure
  8094 | D:7      | Killed Menkaure
  8209 | D:7      | Found a sparkling altar of Nemelex Xobeh.
  8339 | D:7      | Found Qualiale's Jewellery Boutique.
  8347 | D:7      | Bought an amulet of magic regeneration for 480 gold pieces
  8439 | D:8      | Reached XP level 10. HP: 53/53 MP: 15/15
  8607 | D:8      | Found a flagged portal.
  8647 | D:8      | Reached ** piety under Sif Muna
  8670 | Bailey   | Entered a bailey
  8727 | Bailey   | Found a large runed translucent door.
  8727 | Bailey   | Found a large runed translucent door.
  8727 | Bailey   | Noticed an orc knight
  8868 | Bailey   | Killed an orc knight
  8972 | Bailey   | Noticed a deep elf pyromancer
  9065 | Bailey   | Killed a deep elf pyromancer
  9066 | Bailey   | Reached skill level 5 in Spellcasting
  9170 | Bailey   | Identified the +3 shortbow of Mouhyuv {drain, rC+}
 10186 | D:9      | Reached *** piety under Sif Muna
 10238 | D:9      | Reached skill level 3 in Ice Magic
 10282 | D:9      | Found a staircase to the Lair.
 10378 | D:9      | Found a shadowy altar of Dithmenos.
 10381 | D:9      | Reached XP level 11. HP: 56/56 MP: 22/22
 10388 | D:9      | Reached skill level 1 in Invocations
 11071 | D:10     | Entered Level 10 of the Dungeon
 11111 | D:10     | Reached **** piety under Sif Muna
 11112 | D:10     | Reached skill level 4 in Ice Magic
 11234 | D:10     | Reached skill level 5 in Evocations
 11941 | D:11     | Noticed Sonja
 11944 | D:11     | Killed Sonja
 11945 | D:11     | Reached skill level 5 in Ice Magic
 11977 | Lair:1   | Entered Level 1 of the Lair of Beasts
 12126 | Lair:1   | Reached skill level 5 in Invocations
 12318 | Lair:1   | Reached skill level 6 in Ice Magic
 12349 | Lair:1   | Reached XP level 12. HP: 61/61 MP: 26/26
 12752 | Lair:1   | You fall into a shaft and drop 1 floor!
 12821 | Lair:2   | Reached ***** piety under Sif Muna
 13383 | Lair:2   | Noticed Erica
 13446 | Lair:2   | Reached skill level 7 in Ice Magic
 13727 | Lair:2   | Noticed a skyshark
 14058 | Lair:2   | Noticed a six-headed hydra
 14253 | Lair:1   | Killed a skyshark
 14254 | Lair:1   | Reached skill level 10 in Spellcasting
 14285 | Lair:2   | Killed Erica
 14286 | Lair:2   | Reached skill level 8 in Ice Magic
 14321 | Lair:2   | Found a hole to the Spider Nest.
 14372 | Lair:2   | Noticed Gastronok
 14520 | Lair:2   | Received a gift from Sif Muna
 14521 | Lair:2   | Reached skill level 9 in Ice Magic
 14532 | Lair:2   | Learned a level 7 spell: Ozocubu's Refrigeration
 14543 | Lair:2   | Killed a six-headed hydra
 14859 | Lair:2   | Reached skill level 10 in Ice Magic
 15001 | Lair:2   | Identified the ring of the Hungering Gods {rF+ Slay+4}
 15109 | Lair:2   | Killed Gastronok
 15110 | Lair:2   | Reached skill level 11 in Ice Magic
 15421 | Lair:3   | Noticed a skyshark
 15424 | Lair:3   | Reached XP level 13. HP: 65/65 MP: 28/28
 15554 | Lair:3   | Reached skill level 12 in Ice Magic
 15921 | Lair:3   | Found a staircase to the Shoals.
 16617 | Lair:4   | Found a viscous altar of Jiyva.
 16618 | Lair:4   | Found a staircase to the Slime Pits.
 16842 | Lair:4   | Reached skill level 13 in Ice Magic
 17270 | Lair:4   | Found a broken altar of Ashenzari.
 17785 | Lair:5   | Entered Level 5 of the Lair of Beasts
 18040 | Lair:5   | Reached skill level 14 in Ice Magic
 18060 | Lair:5   | Received a gift from Sif Muna
 18060 | Lair:5   | Noticed an ice dragon
 18081 | Lair:5   | Killed an ice dragon
 18098 | Lair:5   | Found a dark tunnel.
 18108 | Volcano  | Entered a volcano
 18117 | Abyss:2  | Cast into level 2 of the Abyss (a wizard)
 18139 | Abyss:2  | Found a corrupted altar of Lugonu.
 18249 | Abyss:2  | Found a corrupted altar of Lugonu.
 18255 | Abyss:2  | Noticed a tentacled starspawn
 18333 | Abyss:2  | Found a corrupted altar of Lugonu.
 18339 | Abyss:2  | Found a corrupted altar of Lugonu.
 18339 | Abyss:2  | Found a corrupted altar of Lugonu.
 18354 | Abyss:2  | Noticed a deep elf sorcerer
 18374 | Abyss:2  | Killed a deep elf sorcerer
 18399 | Abyss:2  | Found a corrupted altar of Lugonu.
 18420 | Abyss:2  | Found a corrupted altar of Lugonu.
 18421 | Abyss:2  | Noticed a tentacled starspawn
 18449 | Abyss:2  | Killed a tentacled starspawn
 18450 | Abyss:2  | Reached XP level 14. HP: 70/70 MP: 29/29
 18491 | Abyss:2  | Found a corrupted altar of Lugonu.
 18523 | Abyss:2  | Noticed a starcursed mass
 18636 | Abyss:2  | Noticed an Executioner
 18651 | Abyss:2  | Noticed a tentacled starspawn
 18654 | Abyss:2  | Found a corrupted altar of Lugonu.
 18689 | Abyss:2  | Found a corrupted altar of Lugonu.
 18701 | Abyss:2  | Noticed a hellephant
 18756 | Abyss:2  | Noticed a starcursed mass
 18763 | Abyss:2  | Noticed an Executioner
 18766 | Abyss:2  | Noticed a cyan very ugly thing
 18802 | Abyss:2  | Noticed a daeva
 18840 | Abyss:2  | Lost mutation: You are partially covered in large bone
                  | plates. (SH +4) [potion of mutation]
 18840 | Abyss:2  | Gained mutation: You have an increased reservoir of magic.
                  | (+10% MP) [potion of mutation]
 18840 | Abyss:2  | Gained mutation: You are dopey. (Int -2) [potion of
                  | mutation]
 18840 | Abyss:2  | Gained mutation: Your system is resistant to poisons.
                  | (rPois) [potion of mutation]
 18840 | Abyss:2  | Gained mutation: Your muscles are strong. (Str +4, Int/Dex
                  | -1) [potion of mutation]
 18840 | Abyss:2  | HP: 2/70 [daeva/+5 scimitar of holy wrath (4)]
 18841 | Abyss:2  | Killed from afar by a daeva

Illustrated notes

Levels and vault maps discovered:
D:1:      dpeg_chamrin_arrival_tetris, layout_basic
D:2:      layout_rooms, st_stairs_10, grunt_ministairs_6, minmay_cupped,
          uniq_natasha
D:3:      layout_basic, gup_sewer_entry_pipe, nrook_loot_triangle,
          serial_bayou_pond_a
D:4:      layout_cave_pods, nicolae_ru_great_annihilating_truth, minitemple
D:5:      layout_cave_pods, fedhas_bush_and_centaur_altar, serial_shops,
          kennysheep_little_box, uniq_duvessa
D:6:      layout_basic, gammafunk_temple_overflow_statue,
          minmay_temple_entry_offerings, gup_ossuary_entry_pyramid, st_stairs_4,
          minmay_misc_feat_plants, minmay_tree_intersection, grunt_tough_drop,
          uniq_sigmund
D:7:      layout_cave_pools, jmf_multi_god_temple, serial_shops, shop,
          uniq_menkaure, uniq_joseph
D:8:      layout_loops_corners, enter_bailey_4
D:9:      layout_rooms, mainiacjoe_overflow_concentric_impassable,
          dpeg_oklobed_lair, chequers_serial_rivers_small_3
D:10:     layout_gridville
D:11:     layout_basic, uniq_sonja
Temple:   nicolae_temple_bog_church
Lair:1:   layout_small_grid
Lair:2:   layout_long_grid, spider_nest_entry_webs, lemuel_old_faithful,
          uniq_gastronok, uniq_erica
Lair:3:   layout_cave_pods, elwin_shoals_entry_stream,
          chequers_serial_rivers_room_a
Lair:4:   layout_long_grid, nicolae_slime_entry_slimehenge, basic_altar,
          grunt_megastairs_5
Lair:5:   grunt_lair_end_beastmaster, layout_small_grid, enter_volcano_2,
          minivault_26, roderic_batcave, ice2_lemuel, uniq_urug
Abyss:2:  base: D:5, evilmike_abyss_exit_4, eino_small_chamber_without_monster,
          evilmike_abyss_exit_1, bh_abyss_exit_choice,
          spicy_abyss_rude_harpoons, evilmike_abyss_exit_9
Volcano:  volcano_bunker

Skill      XL: |  1  2  3  4  5  6  7  8  9 10 11 12 13 14 |
---------------+-------------------------------------------+-----
Evocations     | 1 2 3 4 5 |  5.0
Fighting       | 3 4 5 6 |  6.0
Spellcasting   | 3 7 9 10 11 | 11.0
Short Blades   | 3 4 |  4.0
Ice Magic      | 2 3 6 11 14 | 14.3
Conjurations   | 4 7 8 |  8.0
Fire Magic     | 4 7 8 |  8.0
Invocations    | 5 6 |  6.9
Dodging        | |  1.5
Stealth        | |  6.0

Action                     |  1- 3 |  4- 6 |  7- 9 | 10-12 | 13-15 || total
---------------------------+-------+-------+-------+-------+-------++-------
  Melee: Short sword       |    37 |   273 |     6 |       |       ||   316
         Bite              |     9 |    71 |   144 |   207 |   113 ||   544
         Punch             |       |     2 |    11 |    12 |     4 ||    29
         Dagger            |       |       |   415 |   435 |   204 ||  1054
  Throw: Boomerang         |       |       |    36 |    53 |    32 ||   121
   Cast: Ozocubu's Armour  |       |       |     2 |    32 |    31 ||    65
         Sticky Flame      |       |       |    14 |   161 |    87 ||   262
         Ozocubu's Refrige |       |       |       |       |     3 ||     3
 Invoke: Channel Magic     |       |       |       |       |     2 ||     2
  Evoke: Wand              |     5 |     2 |     2 |    21 |    12 ||    42
    Use: Scroll            |       |     1 |    21 |     8 |    14 ||    44
         Potion            |       |       |     6 |     4 |     6 ||    16
   Stab: Paralysed         |     6 |     3 |     1 |     2 |     1 ||    13
         Sleeping          |     1 |    13 |    17 |     9 |     5 ||    45
         Distracted        |       |       |     1 |     1 |       ||     2
         Invisible         |       |       |       |       |     1 ||     1
 Armour: Leather armour    |     4 |    68 |    39 |       |       ||   111
         Skin              |       |       |    13 |       |       ||    13
         Robe              |       |       |    60 |   166 |   119 ||   345
  Dodge: Dodged            |    24 |   156 |   210 |   303 |   137 ||   830
  Block: Other             |       |       |    32 |    78 |    44 ||   154

Table legend: (Time is in decaauts)
 A = Elapsed time spent in this place.
 B = Non-inter-level travel time spent in this place.
 C = Inter-level travel time spent in this place.
 D = Time resting spent in this place.
 E = Time spent auto-exploring this place.
 F = Levels seen in this place.
 G = Mean time per level.
                   A        B        C        D        E       F      G
               +--------+--------+--------+--------+--------+-----+--------+
         Total |  18881 |  17516 |   1365 |   2704 |   8987 |  22 |  858.2 |
       Dungeon |  10593 |   9816 |    777 |   1262 |   5862 |  11 |  963.0 |
        Temple |     30 |     20 |     10 |      0 |      0 |   1 |   30.0 |
          Lair |   6070 |   5493 |    577 |   1217 |   2780 |   5 | 1214.0 |
         Abyss |    717 |    717 |      0 |     61 |      0 |   1 |  717.0 |
         Sewer |    675 |    675 |      0 |     40 |    258 |   1 |  675.0 |
       Ossuary |    252 |    252 |      0 |     33 |      0 |   1 |  252.0 |
        Bailey |    533 |    533 |      0 |     90 |     86 |   1 |  533.0 |
       Volcano |      8 |      8 |      0 |      0 |      0 |   1 |    8.0 |
               +--------+--------+--------+--------+--------+-----+--------+

Top non-repeatable levels by time:
  Lair:1: 1850 daAuts
     D:6: 1672 daAuts
  Lair:2: 1434 daAuts
  Lair:3: 1300 daAuts
  Lair:4: 1287 daAuts
     D:3: 1259 daAuts
     D:5: 1201 daAuts
     D:4: 1107 daAuts
     D:8: 1092 daAuts
     D:9: 1017 daAuts
     D:1: 911 daAuts
    D:10: 859 daAuts
     D:7: 782 daAuts
 Abyss:2: 717 daAuts
   Sewer: 675 daAuts
